Map: Snowbound Colony

Players

Raynar - Winner!

  • Race: Protoss Protoss
  • Spawn Location: 1:00

SlushyStar - Winner!

  • Race: Terran Terran
  • Spawn Location: 12:00

Throwfordays - Winner!

  • Race: Zerg Zerg
  • League: Silver
  • Spawn Location: 1:00

VOD

Have the link to the VOD?

Description

Time

  • Played on: April 26, 2019, 1:51 p.m.
  • Length: 12:16
Show
View Real Time Build Order
Export as new Build Order

Raynar Protoss - Winner!

Build Orders:  

Get SALT Encoding   

  1  0:00  Probe (Chrono Boost)  
  13  0:10  Probe (Chrono Boost)  
  14  0:26  Pylon  
  14  0:33  Probe (Chrono Boost)  
  15  0:53  Probe (Chrono Boost)  
  15  0:58  Gateway  
  17  1:10  Probe (Chrono Boost)  
  17  1:27  Probe (Chrono Boost)  
  18  1:43  Nexus  
  18  1:54  Probe (Chrono Boost)  
  18  1:56  Zealot  
  19  2:00  Assimilator  
  22  2:11  Probe (Chrono Boost)  
  22  2:28  Pylon  
  22  2:38  Probe (Chrono Boost)  
  23  2:53  Zealot  
  23  2:54  Probe (Chrono Boost)  
  26  3:06  Probe (Chrono Boost)  
  27  3:12  Assimilator  
  27  3:17  Pylon, Probe (Chrono Boost)  
  27  3:24  Cybernetics Core  
  27  3:29  Forge  
  28  3:32  Probe (Chrono Boost)  
  29  3:48  Probe (Chrono Boost)  
  29  3:49  Probe (Chrono Boost)  
  25  4:00  Probe (Chrono Boost)  
  31  4:04  Zealot  
  31  4:06  Probe (Chrono Boost)  
  35  4:23  Probe (Chrono Boost)  
  35  4:26  Pylon  
  36  4:33  Gateway  
  36  4:38  Pylon  
  37  4:40  Probe (Chrono Boost)  
  37  4:46  Protoss Ground Weapons Level 1  
  37  4:57  Stalker, Probe (Chrono Boost)  
  40  5:03  Probe (Chrono Boost)  
  42  5:20  Probe (Chrono Boost)  
  42  5:25  Twilight Council  
  42  5:36  Pylon  
  42  5:37  Probe (Chrono Boost)  
  42  5:39  Warp Gate  
  43  5:45  Pylon  
  43  5:50  Sentry  
  45  6:18  Probe (Chrono Boost)  
  45  6:29  Probe (Chrono Boost)  
  49  6:43  Probe (Chrono Boost)  
  48  6:54  Nexus  
  48  6:56  Probe (Chrono Boost)  
  50  7:00  Probe (Chrono Boost)  
  50  7:04  Gateway  
  50  7:10  Gateway  
  50  7:11  Pylon  
  50  7:13  Probe (Chrono Boost)  
  51  7:27  Photon Cannon  
  51  7:29  Photon Cannon  
  51  7:31  Stalker  
  51  7:32  Shield Battery, Photon Cannon, Stalker  
  55  7:49  Charge  
  55  7:51  Pylon  
  55  7:55  Pylon  
  55  7:57  Probe (Chrono Boost)  
  55  8:08  Assimilator  
  55  8:09  Probe (Chrono Boost)  
  56  8:15  Assimilator  
  57  8:22  Protoss Ground Weapons Level 2, Probe (Chrono Boost)  
  58  8:34  Probe (Chrono Boost)  
  58  8:39  Probe (Chrono Boost)  
  60  8:43  Probe (Chrono Boost)  
  60  8:46  Probe (Chrono Boost)  
  62  8:50  Shield Battery  
  62  8:55  Photon Cannon  
  62  8:56  Probe (Chrono Boost)  
  62  8:57  Probe (Chrono Boost)  
  64  9:00  Probe (Chrono Boost)  
  64  9:03  Assimilator  
  65  9:13  Probe x2 (Chrono Boost)  
  65  9:17  Probe (Chrono Boost)  
  65  9:18  Zealot x4  
  78  9:30  Probe x2 (Chrono Boost)  
  78  9:34  Probe (Chrono Boost)  
  79  9:47  Probe (Chrono Boost)  
  79  9:48  Robotics Facility  
  81  9:51  Probe (Chrono Boost)  
  81  9:52  Robotics Facility  
  81  9:55  Pylon  
  81  9:58  Pylon  
  81  10:04  Probe (Chrono Boost)  
  82  10:17  Probe (Chrono Boost)  
  83  10:28  Probe (Chrono Boost)  
  83  10:35  Sentry x2  
  83  10:37  Stalker x2  
  92  10:41  Probe (Chrono Boost)  
  93  10:56  Probe (Chrono Boost)  
  93  10:58  Probe (Chrono Boost)  
  95  11:07  Probe (Chrono Boost)  
  97  11:21  Probe (Chrono Boost)  
  97  11:34  Assimilator  
  97  11:38  Probe (Chrono Boost)  
  98  11:46  Photon Cannon  
  98  11:49  Zealot x3  
  104  11:50  Zealot  
  104  11:55  Probe (Chrono Boost)  
Show
View Real Time Build Order
Export as new Build Order

SlushyStar Terran - Winner!

Build Orders:  

Get SALT Encoding   

  12  0:17  SCV  
  13  0:47  SCV, Supply Depot  
  14  1:03  SCV  
  15  1:27  Refinery  
  15  1:35  Barracks  
  15  1:40  SCV  
  16  1:57  SCV  
  17  2:21  SCV  
  18  2:38  SCV  
  19  2:47  Marine  
  20  2:55  SCV  
  21  3:12  Marine  
  21  3:15  Refinery  
  21  3:18  Orbital Command  
  22  3:37  Marine  
  23  4:11  Marine  
  24  4:26  Supply Depot  
  24  4:37  Barracks Reactor  
  24  4:59  Factory  
  24  5:14  SCV  
  25  5:31  SCV  
  26  5:45  Marine x2  
  26  5:47  SCV  
  29  5:52  Command Center  
  29  6:04  SCV  
  30  6:10  Marine x2  
  30  6:13  Factory Tech Lab  
  32  6:21  SCV  
  33  6:35  Marine x2  
  35  6:56  Siege Tank  
  38  7:00  Marine  
  39  7:11  Supply Depot  
  39  7:32  Marine x2  
  39  7:36  SCV  
  42  7:41  Siege Tank  
  42  7:42  Supply Depot  
  45  7:53  SCV  
  45  7:57  Marine x2  
  48  8:10  SCV  
  48  8:15  Supply Depot  
  49  8:22  Marine  
  49  8:27  SCV  
  51  8:39  Refinery  
  51  8:44  SCV  
  51  9:14  SCV  
  52  9:31  SCV  
  53  9:45  Barracks  
  53  9:48  SCV  
  54  9:56  SCV  
  55  10:12  SCV  
  55  10:13  Siege Tank  
  59  10:29  SCV  
  60  10:33  Marine x2  
  62  10:46  SCV  
  63  10:58  Marine x2, Siege Tank  
  68  11:03  SCV  
  69  11:14  Barracks Tech Lab  
  69  11:23  Marine x2  
  71  11:48  Marine x2  
  76  12:08  Starport  
Show
View Real Time Build Order
Export as new Build Order

Throwfordays Zerg - Winner!

Build Orders:  

Get SALT Encoding   

  12  0:02  Drone  
  13  0:18  Overlord  
  13  0:25  Drone  
  14  0:44  Drone x2  
  16  0:52  Drone  
  17  1:22  Drone  
  17  1:26  Hatchery  
  17  1:42  Spawning Pool  
  17  1:48  Drone  
  17  1:51  Drone  
  18  2:03  Extractor  
  18  2:05  Overlord  
  17  2:11  Extractor  
  17  2:13  Drone  
  17  2:25  Drone  
  18  2:37  Drone  
  19  2:48  Queen  
  21  2:57  Drone  
  22  3:06  Drone  
  23  3:10  Queen  
  23  3:15  Drone  
  26  3:22  Drone  
  26  3:29  Drone  
  28  3:35  Overlord  
  28  3:47  Drone  
  29  3:53  Drone  
  30  4:02  Drone  
  30  4:07  Drone  
  32  4:24  Drone  
  32  4:25  Drone x2  
  32  4:27  Zergling x2  
  36  4:30  Drone  
  36  4:35  Lair  
  36  4:36  Drone  
  38  4:41  Overlord  
  38  4:53  Roach Warren  
  37  5:06  Drone x4  
  41  5:10  Metabolic Boost  
  41  5:13  Overlord  
  41  5:19  Overlord  
  41  5:30  Baneling Nest  
  41  5:35  Drone x2  
  42  5:40  Drone x3  
  42  5:46  Drone  
  46  5:53  Evolution Chamber  
  45  6:03  Roach  
  47  6:10  Extractor  
  47  6:15  Pneumatized Carapace  
  47  6:16  Drone  
  47  6:17  Drone  
  48  6:21  Roach x2  
  48  6:24  Roach x3  
  58  6:30  Zerg Missile Weapons Level 1  
  58  6:48  Hatchery  
  57  6:57  Drone x3  
  60  7:00  Drone  
  60  7:04  Extractor  
  60  7:09  Evolution Chamber  
  59  7:17  Nydus Network  
  59  7:19  Overseer  
  58  7:32  Roach  
  58  7:33  Roach x4  
  68  7:41  Overlord  
  68  7:42  Overlord  
  68  7:46  Overlord  
  68  7:53  Zerg Ground Armor Level 1  
  68  7:57  Centrifical Hooks  
  68  8:33  Drone x4  
  71  8:40  Queen  
  71  8:41  Drone  
  71  8:48  Drone x3  
  77  8:55  Drone  
  77  8:56  Drone x5  
  77  8:57  Drone x2  
  85  9:01  Drone x2  
  85  10:01  Extractor  
  85  10:04  Extractor  
  83  11:23  Drone x3  
  86  11:30  Drone x4  
  86  11:39  Drone x2  
  92  11:40  Drone  
Tags
 
League
Silver
Matchup
Co-op
Replay Pack
Multiplayer
Add a new tag
Caveats
  • Supply blocks, unpowered buildings, or Contaminate may cause inaccurate times.
  • Supply counts are checked every 10 seconds.